 Dungeon Crawl Stone Soup version 0.31.0-32-g396128a36d (webtiles) character file.

Game seed: 10609571719802668344

135637 Curundu the Severer (level 16, -4/152 HPs)
             Began as a Minotaur Berserker on Apr 1, 2024.
             Was a High Priest of Trog.
             Slain by a nagaraja
             ... wielding a +0 whip
              (24 damage)
             ... on level 3 of the Snake Pit.
             The game lasted 01:32:36 (23228 turns).

Curundu the Severer (Minotaur Berserker)           Turns: 23228, Time: 01:32:37

Health: -4/152     AC: 24    Str: 25    XL:     16   Next: 42%
Magic:  15/15      EV:  6    Int:  4    God:    Trog [*****.]
Gold:   2255       SH: 23    Dex: 13    Spells: 15/15 levels left

rFire   . . .        H - +4 war axe (vamp)
rCold   . . .        M - +3 tower shield
rNeg    + + .        y - +0 plate armour
rPois   +            (helmet restricted)
rElec   .            p - +0 cloak
rCorr   .            f - +2 pair of gloves
SInv    +            o - +0 pair of boots
Will    +++..        K - amulet of regeneration Stlth
                     m - +4 ring of slaying
HPRegen 2.25/turn    J - ring of Lememarch {rPois rN++ SInv}
MPRegen 0.14/turn

%: no passive effects
@: strong-willed, regenerating, slowed, constricted, studying Shapeshifting,
very slow
A: horns 2, retaliatory headbutt, dopey 1
a: Renounce Religion, Berserk, Trog's Hand, Brothers in Arms


You were on level 3 of the Snake Pit.
You worshipped Trog.
Trog was extremely pleased with you.
You visited 3 branches of the dungeon, and saw 24 of its levels.
You also visited: Sewer.

You collected 2485 gold pieces.
You spent 230 gold pieces at shops.

Inventory:

Hand Weapons
 z - a +1 war axe of flaming
 H - a +4 vampiric war axe (weapon)
 Y - a +2 heavy broad axe
Missiles
 D - 5 silver javelins
 P - 7 boomerangs (quivered)
 S - a throwing net
Armour
 f - a +2 pair of gloves (worn)
 o - a +0 pair of boots (worn)
 p - a +0 cloak (worn)
 y - a +0 plate armour (worn)
 M - a +3 tower shield (worn)
Jewellery
 a - a ring of see invisible
 g - a ring of poison resistance
 k - a ring of resist corrosion
 m - a +4 ring of slaying (left hand)
 v - a +4 ring of slaying
 C - a +6 ring of dexterity
 G - a +6 ring of intelligence
 J - the ring of Lememarch (right hand) {rPois rN++ SInv}
   (You found it on level 7 of the Dungeon)

   [ring of see invisible]

   rPois:     It protects you from poison rN++: It greatly protects you from
   negative energy.
   SInv:      It lets you see invisible.
 K - an amulet of regeneration (around neck)
 N - a ring of positive energy
 O - an amulet of the acrobat
 T - a ring of protection from cold
 U - a +5 ring of evasion
 V - a +6 ring of intelligence
Wands
 b - a wand of paralysis (12)
 n - a wand of polymorph (5)
 q - a wand of mindburst (12)
 t - a wand of acid (1)
 A - a wand of digging (3)
 L - a wand of flame (25)
 X - a wand of iceblast (4)
Scrolls
 c - 4 scrolls of revelation
 e - 6 scrolls of identify
 j - 8 scrolls of teleportation
 s - 3 scrolls of fear
 w - 5 scrolls of blinking
 x - 2 scrolls of butterflies
 E - 4 scrolls of poison
 Q - a scroll of fog
 W - a scroll of torment
Potions
 d - 4 potions of curing
 h - 3 potions of cancellation
 i - 7 potions of haste
 l - 2 potions of lignification
 r - 8 potions of heal wounds
 u - 6 potions of might
 B - 3 potions of berserk rage
 F - 3 potions of invisibility
 I - a potion of magic
 R - 3 potions of mutation


   Skills:
 + Level 16.5 Fighting
 + Level 19.6 Axes
 - Level 0.4 Throwing
 + Level 16.0 Armour
 + Level 6.7 Dodging
 - Level 3.2 Stealth
 + Level 18.0 Shields
 + Level 1.1 Evocations


You had 15 spell levels left.
You didn't know any spells.
Your spell library was empty.

Dungeon Overview and Level Annotations

Branches:
Dungeon (15/15)            Temple (0/1) D:6            Lair (5/5) D:11
 Shoals (0/4) Lair:3        Snake (4/4) Lair:2        Slime (0/5) Lair:4
    Orc (0/2) D:12         Vaults (0/5) D:14         Depths (0/4) D:15
  Sewer (visited)

Altars:
Ashenzari
Cheibriados
Fedhas
Gozag
Hepliaklqana
Okawaru
Qazlal
Ru
Sif Muna
Trog
Uskayaw
Xom

Shops:
D:3 (   D:7 *


Innate Abilities, Weirdness & Mutations

You have a pair of horns on your head.
You reflexively headbutt those who attack you in melee.
You are dopey. (Int -2)


Message History

The nagaraja grabs you.
You stop ascending the stairs.
The nagaraja constricts you.
A naga sharpshooter comes into view. It is wielding a +0 morningstar.
You escape the nagaraja's grasp.
You feel very sick. The naga mage closely misses you.
You block the naga mage's attack. x2
You block the nagaraja's attack. x2; The naga mage barely misses you.
The naga warrior spits poison at you.
The splash of poison hits you but does no damage.
You resist.
The shock serpent bites you but does no damage.
The nagaraja spits poison at you.
The splash of poison hits you but does no damage.
You resist.
The naga mage hits you but does no damage.
You climb upwards.
You feel very sick.
There is a stone staircase leading down here.
You feel much better.
You feel very sick. The naga mage barely misses you. You furiously retaliate!
You headbutt the naga mage! You block the naga mage's attack.
The nagaraja hits you with a +0 whip!!
* * * LOW HITPOINT WARNING * * *
The nagaraja grabs you. The nagaraja constricts you.
* * * LOW HITPOINT WARNING * * *
You block the naga warrior's attack. You block the naga mage's attack.
The nagaraja spits poison at you.
The splash of poison hits you but does no damage.
You are lethally poisoned!
You have difficulty breathing.
* * * LOW HITPOINT WARNING * * *
You feel as though you will be slow longer.
The nagaraja constricts you.
* * * LOW HITPOINT WARNING * * *
You block the naga warrior's attack.
Unknown command.
You feel better. You block the naga mage's attack.
The nagaraja hits you with a +0 whip!!
You die...

#......########
##.....'.......
#...>.########
#.....#
#########.....#
#......##..####
#.........####
#...N.N......####
#...N@..........#
#####'#.........#
#.#.........###
#)######.[....####
#)[))).'..........
#####).#..#######.
#####'##### #.
##..|#.#:..## ##
##...##.##...## ##


You could see a nagaraja (fast, strong, curare, catching breath), a naga warrior
(curare) and a naga mage (fast, strong, curare).

Vanquished Creatures
  Jorgrun (D:13)
  Kirke (Lair:5)
  2 nagarajas (Snake:3)
  The ghost of Ujuer the Severer, a journeyman HOBe of Trog (Lair:4)
  A dire elephant (D:15)
  2 fire dragons
  A salamander tyrant (Snake:3)
  5 hydras
  An ogre mage (D:15)
  3 boulder beetles
  6 anacondas
  2 centaur warriors
  9 two-headed ogres
  4 naga warriors
  A death knight (D:15)
  A tengu warrior (D:14)
  4 naga sharpshooters (Snake:3)
  5 shock serpents
  2 skysharks
  5 skeletal warriors
  14 mana vipers
  3 salamander mystics
  Lodul (D:13)
  A swamp dragon (Lair:5)
  9 naga ritualists
  3 lindwurms
  Pikel (D:6)
  3 harpies (Lair:3)
  14 ugly things
  An oklob plant (Lair:2)
  2 wolf spiders
  3 deep elf pyromancers
  5 cyclopes
  4 manticores
  4 elephants (Lair:5)
  2 moths of wrath (Lair:4)
  A moth of wrath (shapeshifter) (D:14)
  3 salamanders
  3 meliai (D:14)
  3 guardian serpents
  2 gargoyles
  11 naga magi
  36 black mambas
  Jeremiah (D:6)
  16 cane toads
  A torpor snail (Lair:1)
  5 rime drakes
  An unseen horror (D:11)
  2 freezing wraiths (D:15)
  A kobold demonologist (D:14)
  An efreet (D:13)
  8 komodo dragons
  A polar bear (shapeshifter) (D:13)
  8 trolls
  A merfolk (shapeshifter) (D:14)
  4 hornets
  16 blink frogs
  7 slime creatures
  Grinder (D:3)
  3 dream sheep (D:10)
  A culicivora (shapeshifter) (D:14)
  6 wraiths
  5 spriggans (Lair:4)
  Sigmund (D:6)
  2 shadows (D:10)
  15 wyverns
  34 yaks
  8 basilisks
  7 hogs (Lair:5)
  A yak (shapeshifter) (D:13)
  2 steam dragons
  2 redbacks (Lair:4)
  4 vampire mosquitoes (D:12)
  3 acid dragons
  20 nagas
  22 water moccasins
  A swamp drake (Lair:5)
  6 orc warriors
  3 black bears
  5 sky beasts
  2 ice beasts
  14 ogres
  6 centaurs
  A phantom (D:6)
  2 lemures (D:6)
  13 bullfrogs
  4 gnoll sergeants
  3 kobold brigands
  2 scorpions (D:7)
  11 wights
  9 howler monkeys
  2 bombardier beetles
  5 hounds
  15 jellies
  6 orc priests
  Crazy Yiuf (D:2)
  2 sleepcaps
  2 iguanas
  9 orc wizards
  9 hell rats
  9 adders
  15 gnolls
  3 river rats (Lair:1)
  4 white imps
  2 ufetubi (D:5)
  9 dart slugs
  2 ribbon worms
  27 orcs
  20 ball pythons
  10 endoplasms
  16 giant cockroaches
  4 goblins
  6 hobgoblins
  6 jackals
  11 kobolds
  3 quokkas
  3 bats
  8 frilled lizards
  12 rats
699 creatures vanquished.

Notes
Turn   | Place    | Note
-------+----------+-------------------------------------------
     0 | D:1      | Curundu the Minotaur Berserker began the quest for the Orb.
     0 | D:1      | Reached XP level 1. HP: 19/19 MP: 0/0
   157 | D:1      | Reached XP level 2. HP: 20/27 MP: 1/1
   217 | D:1      | Reached skill level 4 in Axes
   374 | D:1      | Reached XP level 3. HP: 26/33 MP: 2/2
   769 | D:2      | Reached skill level 5 in Axes
   833 | D:2      | Found a runed translucent door.
   834 | D:2      | Noticed Crazy Yiuf
   839 | D:2      | Killed Crazy Yiuf
   839 | D:2      | Reached ** piety under Trog
   840 | D:2      | Reached XP level 4. HP: 30/41 MP: 3/3
  1422 | D:3      | Found a hazy altar of Hepliaklqana.
  1468 | D:3      | Reached XP level 5. HP: 47/47 MP: 4/4
  1586 | D:3      | Found a hide-covered altar of Uskayaw.
  1587 | D:3      | Found a shimmering altar of Xom.
  1614 | D:3      | Found an opulent altar of Gozag.
  1682 | D:3      | Found a snail-covered altar of Cheibriados.
  1684 | D:3      | Noticed Grinder
  1705 | D:3      | Killed Grinder
  1706 | D:3      | Reached skill level 6 in Axes
  1706 | D:3      | Reached skill level 1 in Stealth
  1706 | D:3      | Reached XP level 6. HP: 38/53 MP: 5/5
  1835 | D:3      | Found Rosiemerib's Antique Weapon Shop.
  1852 | D:3      | Found a stormy altar of Qazlal.
  1852 | D:3      | Found a bloodstained altar of Trog.
  2160 | D:4      | Reached skill level 7 in Axes
  2260 | D:4      | Noticed an orc warrior
  2264 | D:4      | Found a glowing drain.
  2285 | Sewer    | Entered a sewer
  2535 | Sewer    | Reached XP level 7. HP: 57/60 MP: 6/6
  2548 | Sewer    | Reached *** piety under Trog
  2593 | Sewer    | Reached skill level 5 in Fighting
  2805 | D:4      | Reached skill level 8 in Axes
  2929 | D:4      | Identified the staff of Action {+Blink rElec Will+ rCorr
                  | Air}
  2964 | D:4      | Reached skill level 5 in Dodging
  3468 | D:5      | Entered Level 5 of the Dungeon
  3634 | D:5      | Reached XP level 8. HP: 32/70 MP: 7/7
  4078 | D:6      | Found a staircase to the Ecumenical Temple.
  4082 | D:6      | Noticed Pikel
  4096 | D:6      | Reached skill level 9 in Axes
  4099 | D:6      | Killed Pikel
  4100 | D:6      | Reached skill level 10 in Axes
  4177 | D:6      | Noticed Jeremiah
  4233 | D:6      | Killed Jeremiah
  4234 | D:6      | Reached skill level 5 in Armour
  4360 | D:6      | Found a sacrificial altar of Ru.
  4377 | D:6      | Reached XP level 9. HP: 73/76 MP: 8/8
  4432 | D:6      | Reached skill level 11 in Axes
  4453 | D:6      | Noticed Sigmund
  4456 | D:6      | Found a broken altar of Ashenzari.
  4461 | D:6      | Killed Sigmund
  4897 | D:6      | Reached **** piety under Trog
  5173 | D:7      | Reached skill level 12 in Axes
  5173 | D:7      | Noticed a deep elf pyromancer
  5174 | D:7      | Noticed a two-headed ogre
  5191 | D:7      | Killed a two-headed ogre
  5274 | D:7      | Killed a deep elf pyromancer
  5275 | D:7      | Reached XP level 10. HP: 54/88 MP: 9/9
  5384 | D:7      | Reached skill level 13 in Axes
  5533 | D:7      | Found an iron altar of Okawaru.
  5658 | D:7      | Found Lassiz's Assorted Antiques.
  5821 | D:7      | Found a broken altar of Ashenzari.
  6014 | D:7      | Identified the ring of Lememarch {rPois rN++ SInv}
  6080 | D:7      | Found a blossoming altar of Fedhas.
  6338 | D:8      | Noticed a two-headed ogre
  6344 | D:8      | Killed a two-headed ogre
  6383 | D:8      | Reached skill level 14 in Axes
  6579 | D:8      | Identified the +5 ring mail of the Old and Reckless {Fly
                  | rPois Regen+}
  6818 | D:8      | Found a shimmering blue altar of Sif Muna.
  7196 | D:9      | Noticed a two-headed ogre
  7203 | D:9      | Killed a two-headed ogre
  7284 | D:9      | Reached XP level 11. HP: 92/99 MP: 10/10
  7672 | D:9      | Reached ***** piety under Trog
  7681 | D:9      | Reached skill level 10 in Armour
  8068 | D:10     | Entered Level 10 of the Dungeon
  8068 | D:10     | Noticed a two-headed ogre
  8079 | D:10     | Killed a two-headed ogre
  8238 | D:10     | Reached skill level 10 in Fighting
  8238 | D:10     | Reached skill level 15 in Axes
  8711 | D:10     | Found the +5 robe of Night {Dark Will+ SInv}
  8946 | D:11     | Noticed a boulder beetle
  8967 | D:11     | Killed a boulder beetle
  9707 | D:11     | Noticed a two-headed ogre
  9722 | D:11     | Killed a two-headed ogre
  9844 | D:11     | Found a staircase to the Lair.
 10714 | D:12     | Found a transporter.
 10714 | D:12     | Found a transporter.
 10755 | D:12     | Reached skill level 1 in Shields
 10850 | D:12     | Reached XP level 12. HP: 97/110 MP: 11/11
 10929 | D:12     | Reached skill level 16 in Axes
 11110 | D:12     | Found a staircase to the Orcish Mines.
 11760 | D:13     | Noticed Lodul
 11770 | D:13     | Reached skill level 5 in Shields
 11776 | D:13     | Killed Lodul
 11946 | D:13     | Noticed a seven-headed hydra
 11954 | D:13     | Killed a 12-headed hydra
 12186 | D:13     | Noticed Jorgrun
 12204 | D:13     | Killed Jorgrun
 12256 | D:13     | Noticed a centaur warrior
 12268 | D:13     | Killed a centaur warrior
 12269 | D:13     | Reached XP level 13. HP: 116/119 MP: 12/12
 12698 | D:14     | Gained mutation: You are dopey. (Int -2) [a neqoxec]
 12844 | D:14     | Reached skill level 10 in Shields
 13090 | D:14     | Noticed a quicksilver ooze
 13090 | D:14     | a quicksilver ooze changed into a water nymph
 13099 | D:14     | Noticed a fire dragon
 13112 | D:14     | Reached skill level 17 in Axes
 13113 | D:14     | Killed a fire dragon
 13158 | D:14     | Found a gate to the Vaults.
 13459 | D:15     | Entered Level 15 of the Dungeon
 13494 | D:15     | Noticed a dire elephant
 13504 | D:15     | Killed a dire elephant
 13569 | D:15     | Found a staircase to the Depths.
 14026 | D:15     | Reached XP level 14. HP: 129/129 MP: 13/13
 14490 | D:7      | Bought a scroll of identify for 40 gold pieces
 14490 | D:7      | Bought a scroll of identify for 40 gold pieces
 14491 | D:7      | Bought a scroll of enchant weapon for 150 gold pieces
 14858 | Lair:1   | Entered Level 1 of the Lair of Beasts
 15825 | Lair:2   | Found a staircase to the Snake Pit.
 16667 | Lair:3   | Found a staircase to the Shoals.
 16745 | Lair:3   | Reached skill level 18 in Axes
 16793 | Lair:3   | Reached ****** piety under Trog
 17422 | Lair:4   | Found a staircase to the Slime Pits.
 17754 | Lair:4   | Noticed Ujuer's ghost (journeyman HOBe)
 17765 | Lair:4   | Found a bloodstained altar of Trog.
 17771 | Lair:4   | Found a transporter.
 17778 | Lair:4   | Found a transporter.
 17814 | Lair:4   | Killed Ujuer's ghost
 18127 | Lair:5   | Entered Level 5 of the Lair of Beasts
 18153 | Lair:4   | Received a gift from Trog
 18376 | Lair:5   | Reached XP level 15. HP: 139/139 MP: 14/14
 18523 | Lair:5   | Reached skill level 15 in Shields
 18537 | Lair:5   | Noticed Kirke
 18553 | Lair:5   | Killed Kirke
 18554 | Lair:5   | Reached skill level 15 in Armour
 18592 | Lair:5   | Got an earthy gem with 28 turns to spare
 18724 | Lair:5   | Reached skill level 15 in Fighting
 20137 | Snake:1  | Entered Level 1 of the Snake Pit
 20223 | Lair:2   | Identified the +13 morningstar of Earthquakes {antimagic,
                  | *Rage Str+4 SInv Stlth+} (Trog gifted it to you on level 2
                  | of the Lair of Beasts)
 20223 | Lair:2   | Received a gift from Trog
 20227 | Lair:2   | Reached skill level 1 in Evocations
 21337 | Snake:2  | Reached skill level 19 in Axes
 21948 | Snake:3  | Received a gift from Trog
 22112 | Snake:3  | Reached XP level 16. HP: 151/151 MP: 15/15
 23129 | Snake:3  | Received a gift from Trog
 23208 | Snake:4  | Entered Level 4 of the Snake Pit
 23228 | Snake:3  | Slain by a nagaraja

Illustrated notes

Levels and vault maps discovered:
D:1:      wander_arrival_desolate, layout_basic, minmay_worlds_worst_comb
D:2:      layout_rooms, uniq_crazy_yiuf_cottage
D:3:      layout_loops_ring, nicolae_overflow_hidden_temple, slow_altar_1,
          gammafunk_temple_overflow_wave, old_standard_altar, serial_shops,
          shop, hangedman_abyss_or_decor_stabs, skrybe_limestone_x, uniq_grinder
D:4:      layout_loops_ring, gup_sewer_entry_glass
D:5:      layout_rooms
D:6:      layout_loops_cross, nicolae_ashenzari_panopticon,
          nicolae_ru_sacrificial_ziggurat, temple_green, uniq_sigmund,
          uniq_pikel, uniq_jeremiah
D:7:      minmay_chambers_of_sixes, layout_loops_cross,
          kennysheep_okawaru_gauntlet, serial_shops, shop,
          hangedman_feature_mirror
D:8:      layout_basic, led_sif_book
D:9:      hellmonk_destroyed_diamonds, layout_basic
D:10:     layout_long_grid, hellmonk_guarded_unrand_night
D:11:     layout_stronghold, david_lair_shrubbed
D:12:     layout_roguey, kennysheep_orc_monster_closet_entryway,
          nicolae_diode_stairs
D:13:     kennysheep_room_grid, layout_rooms, dk_noncrumbling_2,
          nicolae_the_louvre, uniq_lodul, uniq_jorgrun
D:14:     layout_long_grid, david_vaults_4, hangedman_decor_peaks_small
D:15:     hangedman_depths_entry_try_elsewhere_first, layout_irregular_city,
          lemuel_old_faithful
Lair:1:   wander_river, layout_cave_shapes, kennysheep_abandoned_house,
          serial_bayou_shore_a
Lair:2:   layout_gridlike, minmay_snake_entry_guardpost_large
Lair:3:   layout_hall_layers, nicolae_shoals_entry_roost, grunt_megastairs_2
Lair:4:   layout_gridlike, minmay_slime_entry_jelly_boxes,
          gammafunk_ghost_wrathful_warriors
Lair:5:   hangedman_lair_tendril_chambers, layout_misc_corridors,
          guppyfry_lair_end_dragon, chequers_serial_rivers_marsh,
          minmay_lindwurm_lava, uniq_kirke
Snake:1:  layout_grid_maze
Snake:2:  layout_grid_shapes
Snake:3:  layout_basic, nicolae_snake_magic_snake_eye
Snake:4:  minmay_snake_end_coiled, layout_gridlike, serial_shops, shop, shop,
          shop, shop, nicolae_shop_real_fake_doors,
          nicolae_snake_salamander_zone, uniq_roxanne

Skill      XL: |  1  2  3  4  5  6  7  8  9 10 11 12 13 14 15 16 |
---------------+-------------------------------------------------+-----
Fighting       | 4 5 6 7 9 11 12 13 14 16 | 16.5
Axes           | 4 5 6 7 8 10 12 14 15 16 17 18 19 | 19.6
Dodging        | 3 4 5 6 |  6.7
Stealth        | 1 2 3 |  3.2
Armour         | 3 5 7 9 11 13 14 15 16 | 16.0
Shields        | 1 8 12 14 17 18 | 18.0
Evocations     | 1 |  1.1
Throwing       | |  0.4

Action                     |  1- 3 |  4- 6 |  7- 9 | 10-12 | 13-15 | 16-18 || total
---------------------------+-------+-------+-------+-------+-------+-------++-------
  Melee: Hand axe          |    69 |   133 |    50 |       |       |       ||   252
         Headbutt          |    10 |    17 |    29 |   105 |   245 |    45 ||   451
         Punch             |       |     1 |     1 |     7 |       |       ||     9
         War axe           |       |       |   169 |   430 |   951 |   168 ||  1718
  Throw: Boomerang         |       |       |       |       |    38 |       ||    38
 Invoke: Trog's Hand       |       |     2 |     5 |     7 |    19 |     7 ||    40
         Berserk           |       |     1 |     3 |     7 |     6 |     2 ||    19
  Evoke: Wand              |       |       |       |       |    11 |       ||    11
    Use: Scroll            |       |       |     1 |    19 |    15 |       ||    35
         Potion            |       |       |       |       |       |     2 ||     2
   Stab: Sleeping          |       |     2 |       |       |       |       ||     2
 Armour: Animal skin       |    52 |    67 |    24 |       |       |       ||   143
         Plate armour      |       |       |   222 |   405 |   684 |   139 ||  1450
  Dodge: Dodged            |    58 |    83 |   107 |   175 |   235 |    25 ||   683
  Block: Tower shield      |       |       |       |   159 |  1257 |   254 ||  1670
         Kite shield       |       |       |       |     1 |       |       ||     1
